 Dungeon Crawl Stone Soup version 0.23-a0-741-g38971ea054 (webtiles) character file.

513 DEFE the Cutter (level 7, 60/60 HPs)
             Began as a Black Draconian Fighter on Jan 18, 2019.
             Quit the game on level 5 of the Dungeon.
             The game lasted 00:04:19 (3697 turns).

DEFE the Cutter (Black Draconian Fighter)           Turns: 3697, Time: 00:04:19

Health: 60/60      AC:  7    Str: 19    XL:     7   Next: 0%
Magic:  7/7        EV: 11    Int: 10    God:
Gold:   213        SH:  9    Dex: 12    Spells: 6/6 levels left

rFire    . . .     SeeInvis .   l - +1 short sword (speed)
rCold    . . .     Gourm    .   b - +0 shield
rNeg     + + .     Faith    .   (armour unavailable)
rPois    .         Spirit   .   (helmet restricted)
rElec    +         Reflect  .   (no cloak)
rCorr    .         Harm     .   s - +0 pair of gloves "Rosmeum" {rN+}
MR       .....                  (no boots)
Stlth    ++........             (no amulet)
HPRegen  0.20/turn              i - +2 ring of dexterity
MPRegen  0.10/turn              p - ring of positive energy

@: no status effects
A: breathe lightning, unfitting armour, electricity resistance, cold-blooded, AC
+6
a: Breathe Lightning


You were on level 5 of the Dungeon.
You were not hungry.

You visited 1 branch of the dungeon, and saw 5 of its levels.

You collected 213 gold pieces.

Inventory:

Hand Weapons
 a - a +0 long sword
 l - a +1 short sword of speed (weapon)
Armour
 b - a +0 shield (worn)
 e - a +0 pair of gloves
 s - the +0 pair of gloves "Rosmeum" (worn) {rN+}
   (You found it on level 4 of the Dungeon)

   It protects you from negative energy.
Jewellery
 i - a +2 ring of dexterity (left hand)
 o - an uncursed ring of fire
 p - a ring of positive energy (right hand)
 r - an uncursed ring of protection from cold
Scrolls
 f - a scroll of noise {unknown}
 h - 11 scrolls of identify {unknown}
 j - 5 scrolls of blinking {unknown}
 k - a scroll of enchant armour {unknown}
 n - a scroll of remove curse {unknown}
 q - a scroll of immolation {unknown}
Potions
 c - a potion of haste {unknown}
Comestibles
 d - 10 rations


   Skills:
 + Level 4.3 Fighting
 + Level 4.4(4.7) Short Blades
 + Level 2.4(3.8) Long Blades
 + Level 3.8 Dodging
 + Level 2.1 Stealth
 + Level 4.1 Shields


You had 6 spell levels left.
You didn't know any spells.
Your spell library contained the following spells:

 Spells                   Type           Power        Failure   Level  Hunger
 Beastly Appendage        Tmut           #.....       83%         1    ##.....
 Sticks to Snakes         Tmut           #.......     93%         2    ###....
 Spider Form              Tmut/Pois      #.........   99%         3    ####...
 Ice Form                 Ice/Tmut       #.......     100%        4    #####..
 Blade Hands              Tmut           #.........   100%        5    ######.


Dungeon Overview and Level Annotations

Branches:
Dungeon (5/15)
 Temple: D:4-7

Altars:
Fedhas
Gozag
Nemelex Xobeh

Annotations:
D:4 1 runed door


Innate Abilities, Weirdness & Mutations

You can breathe wild blasts of lightning.
Your glossy black scales are hard. (AC +6)
You cannot fit into any form of body armour.
You are resistant to electric shocks. (rElec)
You are cold-blooded and may be slowed by cold attacks.


Message History

No target in view!
No target in view!
No target in view!
You butcher the jackal corpse.
g - a chunk of flesh You see here a jackal skeleton. x2
Eating a chunk of flesh.
You eat the chunk of flesh.
You open the door.
A leopard gecko comes into view.
A leopard gecko is nearby!
A leopard gecko is nearby!
The leopard gecko hisses angrily.
You hit the leopard gecko.
You kill the leopard gecko!
You have reached level 7!
Your scales start taking on a glossy black colour.
You learn Air Magic much quicker.
You learn Earth Magic much slower.
You can breathe wild blasts of lightning.
You feel insulated.
Health restored: 60; MP restored: 7

############
#......)...#
#..........#
#.####...÷......#
#....'@.........#
######..........###
######......<#
#.#.##### #.#.#
..#.# ####.# ..


There were no monsters in sight!

Vanquished Creatures
  An ogre (D:4)
  2 water moccasin skeletons
  An orc priest (D:4)
  An iguana (D:4)
  A jelly (D:4)
  An orc wizard (D:5)
  A hound skeleton (D:4)
  7 adders
  4 gnolls (D:4)
  An ooze (D:3)
  3 worms
  3 dart slugs
  4 leopard geckos
  9 orcs
  4 bats
  4 giant cockroaches
  9 goblins
  6 hobgoblins
  4 jackals
  A quokka (D:3)
  2 ball pythons
  4 frilled lizards
  9 kobolds
  3 rats
85 creatures vanquished.

Notes
Turn   | Place    | Note
-------+----------+-------------------------------------------
     0 | D:1      | DEFE the Draconian Fighter began the quest for the Orb.
     0 | D:1      | Reached XP level 1. HP: 19/19 MP: 1/1
   271 | D:1      | Reached XP level 2. HP: 26/26 MP: 2/2
   555 | D:1      | Reached XP level 3. HP: 27/31 MP: 3/3
   889 | D:2      | Found an opulent altar of Gozag.
  1114 | D:2      | Found a sparkling altar of Nemelex Xobeh.
  1195 | D:3      | Reached skill level 1 in Short Blades
  1229 | D:3      | Reached XP level 4. HP: 36/39 MP: 4/4
  1255 | D:3      | Goblin1989: бери орка и делай духз в следующий раз :)
  1309 | D:3      | DEFE: lol
  2001 | D:4      | Reached skill level 1 in Stealth
  2052 | D:4      | Got a pair of heavily runed gloves
  2063 | D:4      | Identified the +0 pair of gloves "Rosmeum" {rN+} (You found
                  | it on level 4 of the Dungeon)
  2084 | D:4      | Noticed an ogre
  2092 | D:4      | Killed an ogre
  2092 | D:4      | Reached XP level 5. HP: 17/46 MP: 5/5
  2321 | D:5      | Entered Level 5 of the Dungeon
  2324 | D:5      | Found a blossoming altar of Fedhas.
  2337 | D:5      | Reached XP level 6. HP: 36/52 MP: 6/6
  2567 | D:5      | Goblin1989: а у меня последнее время играть желания нету
                  | сосвсем. Так, убиваю всяких рандомных демонспавнов.
  2669 | D:4      | DEFE: сделал перерыв
  2669 | D:4      | DEFE: на полгодика
  2669 | D:4      | DEFE: я делаю иногда
  3421 | D:4      | Found a runed door.
  3696 | D:5      | Your scales start taking on a glossy black colour.
  3696 | D:5      | Reached XP level 7. HP: 60/60 MP: 7/7
  3696 | D:5      | Gained mutation: You are resistant to electric shocks.
                  | (rElec) [Black Draconian growth]
  3697 | D:5      | Quit the game

Vault maps used:
D:1:      lemuel_arrival_river_ford
D:2:      lemuel_coloured_pillars_altar, nicolae_gozag_seed_capital,
          first_ration
D:3:      st_stairs_6
D:4:      columned_hall_lemuel, uniq_crazy_yiuf_cottage
D:5:      kennysheep_steamy, lemuel_crystal_altar,
          gammafunk_temple_overflow_elements

Skill      XL: |  1  2  3  4  5  6 |
---------------+-------------------+-----
Dodging        | 3 |  3.8
Short Blades   | 1 3 4 |  4.4
Stealth        | 1 2 |  2.1
Fighting       | 4 |  4.3
Shields        | 4 |  4.1
Long Blades    | |  2.4

Action                   |  1- 3 |  4- 6 |  7- 9 || total
-------------------------+-------+-------+-------++-------
Melee: Long sword        |    43 |       |       ||    43
       Tailslap          |    17 |    25 |       ||    42
       Short sword       |    79 |   216 |       ||   295
  Use: Potion            |       |     4 |       ||     4
 Stab: Sleeping          |     3 |     5 |       ||     8
  Eat: Chunk             |       |     9 |       ||     9
Armor: Skin              |    33 |    29 |       ||    62
Dodge: Dodged            |    36 |    66 |       ||   102
Block: Shield            |    48 |    55 |       ||   103
       Rpst.: Long sword |     3 |       |       ||     3

Table legend:
 A = Non-vault XP
 B = Vault XP
 C = Vault XP percentage of total XP
 D = Non-vault monster count
 E = Vault monster count
 F = Vault count percentage of total count
                 A         B        C        D         E       F
            +---------+---------+-------+---------+---------+-------
      Total |     731 |       2 |   0.3 |      84 |       1 |   1.2
            +---------+---------+-------+---------+---------+-------
        D:1 |      41 |       0 |   0.0 |      21 |       0 |   0.0
        D:2 |      36 |       0 |   0.0 |      16 |       0 |   0.0
        D:3 |     102 |       2 |   1.9 |      22 |       1 |   4.3
        D:4 |     415 |       0 |   0.0 |      14 |       0 |   0.0
        D:5 |     137 |       0 |   0.0 |      11 |       0 |   0.0
            +---------+---------+-------+---------+---------+-------
